[ AOE2 MATCH · #504835369 ]
UnrankedKhitans vs Dravidians
Player's team · LOSS
[ REPLAY ANALYSIS · EXTRACTED FROM THE RECORDED GAME ]
Feudal
11:01
Castle
24:40
Imperial
30:01
| APM avg | 45.1 |
| APM peak | 81 |
| eAPM avg | 27.2 |
| Villagers / military | 76 / 12 |
Focus
⚔️ 26.9% · 🌾 73.1%
Fishing Ship ×23 · Archer ×5 · Militia ×5 · Unknown (1923) ×3 · Battering Ram ×2
Feudal
10:42
Castle
21:12
Imperial
27:20
| APM avg | 42.0 |
| APM peak | 95 |
| eAPM avg | 29.0 |
| Villagers / military | 92 / 22 |
Focus
⚔️ 36.4% · 🌾 63.6%
Fishing Ship ×23 · Elephant Archer ×8 · Bombard Cannon ×5 · Hand Cannoneer ×5 · Trebuchet (Packed) ×3 · Monk ×1
Match map
Initial resources + every placement click. Lines = walls · curves = elevation contours. ◆ gold · ⬟ stone · ● berries · ✦ relic · ◌ wall gap
Your base· Open — opponent sealed themselves in
Noszombie's base· ✓ Closed at 21:12 · 26t walls · 1 gate(s)
Smoothed initial terrain · ◌ = detected wall gap · hover for details
Inputs per minute
— Tacacá - - Noszombie
Build order — Tacacá
First 150 of 223 actions detected
| 0:01 | Queue | Villager (Male) ×4 |
| 0:02 | Build | House |
| 0:03 | Build | House |
| 1:29 | Queue | Villager (Male) |
| 1:56 | Research | Loom |
| 1:56 | Research | Loom |
| 1:57 | Queue | Villager (Male) |
| 1:58 | Queue | Villager (Male) |
| 2:28 | Build | Lumber Camp |
| 2:35 | Queue | Villager (Male) |
| 2:36 | Queue | Villager (Male) |
| 3:10 | Queue | Villager (Male) |
| 3:10 | Queue | Villager (Male) |
| 3:37 | Queue | Villager (Male) |
| 3:37 | Queue | Villager (Male) |
| 4:03 | Build | House |
| 4:05 | Queue | Villager (Male) |
| 4:05 | Queue | Villager (Male) |
| 4:27 | Queue | Villager (Male) |
| 4:28 | Queue | Villager (Male) |
| 4:28 | Queue | Villager (Male) |
| 4:58 | Queue | Villager (Male) |
| 4:58 | Queue | Villager (Male) |
| 5:19 | Queue | Villager (Male) |
| 5:19 | Queue | Villager (Male) |
| 5:19 | Queue | Villager (Male) |
| 5:41 | Queue | Villager (Male) |
| 5:41 | Queue | Villager (Male) |
| 5:41 | Queue | Villager (Male) |
| 5:41 | Queue | Villager (Male) |
| 5:59 | Build | House |
| 6:02 | Build | Palisade Wall |
| 6:11 | Queue | Villager (Male) |
| 6:11 | Queue | Villager (Male) |
| 7:09 | Build | Barracks |
| 7:32 | Queue | Villager (Male) |
| 7:52 | Queue | Villager (Male) |
| 8:04 | Build | Mining Camp |
| 8:06 | Build | Mining Camp |
| 8:24 | Queue | Villager (Male) |
| 8:51 | Research | Feudal Age |
| 8:51 | Research | Feudal Age |
| 9:11 | Queue | Militia |
| 9:11 | Queue | Militia |
| 9:12 | Queue | Militia |
| 9:15 | Build | House |
| 9:42 | Queue | Militia |
| 9:46 | Build | Dock |
| 9:53 | Build | Dock |
| 10:12 | Queue | Militia |
| 10:31 | Queue | Fishing Ship |
| 10:50 | Queue | Villager (Male) |
| 10:50 | Queue | Villager (Male) |
| 11:01 | Age | Feudal Age |
| 11:03 | Build | Watch Tower |
| 11:16 | Research | Man-at-Arms (upgrade) |
| 11:17 | Research | Man-at-Arms (upgrade) |
| 11:18 | Queue | Fishing Ship |
| 11:52 | Queue | Villager (Male) |
| 11:52 | Queue | Villager (Male) |
| 11:52 | Queue | Villager (Male) |
| 12:09 | Queue | Villager (Male) |
| 12:19 | Build | House |
| 12:39 | Build | Lumber Camp |
| 13:21 | Queue | Villager (Male) |
| 13:21 | Queue | Villager (Male) |
| 13:21 | Queue | Villager (Male) |
| 13:21 | Queue | Villager (Male) |
| 13:56 | Build | House |
| 14:11 | Queue | Fishing Ship |
| 14:20 | Research | Double-Bit Axe |
| 14:20 | Research | Double-Bit Axe |
| 14:21 | Research | Double-Bit Axe |
| 14:36 | Build | Mill |
| 14:49 | Queue | Fishing Ship |
| 15:14 | Queue | Villager (Male) |
| 15:15 | Queue | Villager (Male) |
| 15:19 | Queue | Fishing Ship |
| 15:32 | Queue | Villager (Male) |
| 15:32 | Queue | Villager (Male) |
| 15:33 | Queue | Villager (Male) |
| 15:44 | Build | House |
| 15:45 | Build | House |
| 15:46 | Queue | Fishing Ship |
| 16:22 | Queue | Fishing Ship |
| 16:39 | Queue | Villager (Male) |
| 16:47 | Build | Dock |
| 16:57 | Build | Mining Camp |
| 16:59 | Queue | Villager (Male) |
| 17:00 | Queue | Villager (Male) |
| 17:28 | Build | Archery Range |
| 17:29 | Queue | Villager (Male) |
| 17:29 | Queue | Villager (Male) |
| 17:29 | Queue | Villager (Male) |
| 17:31 | Queue | Fishing Ship |
| 17:42 | Build | Fish Trap |
| 18:00 | Queue | Fishing Ship |
| 18:03 | Queue | Fishing Ship |
| 18:03 | Queue | Fishing Ship |
| 18:07 | Build | Fish Trap |
| 18:09 | Build | Fish Trap |
| 18:16 | Queue | Archer |
| 18:17 | Queue | Villager (Male) |
| 18:17 | Queue | Villager (Male) |
| 18:18 | Queue | Villager (Male) |
| 18:31 | Queue | Archer |
| 18:42 | Queue | Villager (Male) |
| 18:42 | Queue | Villager (Male) |
| 18:45 | Build | House |
| 18:46 | Build | House |
| 18:50 | Build | Fish Trap |
| 18:56 | Build | Fish Trap |
| 19:01 | Build | Fish Trap |
| 19:04 | Queue | Archer |
| 19:07 | Queue | Villager (Male) |
| 19:07 | Queue | Villager (Male) |
| 19:07 | Queue | Villager (Male) |
| 19:32 | Queue | Archer |
| 19:34 | Queue | Villager (Male) |
| 19:34 | Queue | Villager (Male) |
| 19:34 | Queue | Villager (Male) |
| 19:52 | Queue | Villager (Male) |
| 19:54 | Build | Blacksmith |
| 20:04 | Build | Fish Trap |
| 20:16 | Queue | Villager (Male) |
| 20:17 | Queue | Archer |
| 20:21 | Build | Market |
| 20:38 | Build | House |
| 20:39 | Build | Fish Trap |
| 20:55 | Build | Fish Trap |
| 21:10 | Queue | Villager (Male) |
| 21:27 | Build | Fish Trap |
| 21:31 | Build | Fish Trap |
| 22:00 | Research | Castle Age |
| 22:00 | Research | Castle Age |
| 22:12 | Queue | Fishing Ship |
| 22:13 | Queue | Fishing Ship |
| 22:26 | Build | Lumber Camp |
| 22:29 | Research | Gold Mining |
| 22:29 | Research | Gold Mining |
| 22:29 | Research | Gold Mining |
| 22:39 | Queue | Fishing Ship |
| 22:44 | Queue | Fishing Ship |
| 22:53 | Research | Fletching |
| 22:53 | Research | Fletching |
| 22:54 | Research | Fletching |
| 22:58 | Build | House |
| 22:59 | Build | House |
| 23:02 | Build | Fish Trap |
| 23:06 | Build | Fish Trap |
Build order — Noszombie
First 150 of 279 actions detected
| 0:01 | Queue | Villager (Male) |
| 0:02 | Build | House |
| 0:04 | Build | House |
| 0:04 | Queue | Villager (Male) |
| 0:17 | Queue | Villager (Male) |
| 0:20 | Queue | Villager (Male) |
| 1:04 | Research | Loom |
| 1:36 | Queue | Villager (Male) |
| 2:16 | Build | Palisade Wall |
| 2:17 | Build | Palisade Wall |
| 2:18 | Build | Palisade Wall |
| 2:20 | Build | Palisade Wall |
| 2:22 | Build | Palisade Wall |
| 2:23 | Queue | Villager (Male) |
| 2:23 | Queue | Villager (Male) |
| 2:24 | Queue | Villager (Male) |
| 2:38 | Build | Palisade Wall |
| 2:55 | Build | Lumber Camp |
| 2:56 | Queue | Villager (Male) |
| 2:57 | Queue | Villager (Male) |
| 2:57 | Queue | Villager (Male) |
| 2:59 | Build | Palisade Wall |
| 3:10 | Build | Palisade Wall |
| 3:11 | Build | Palisade Wall |
| 3:12 | Build | Palisade Wall |
| 3:23 | Queue | Villager (Male) |
| 3:34 | Build | Palisade Wall |
| 3:43 | Queue | Villager (Male) |
| 4:03 | Queue | Villager (Male) |
| 4:07 | Build | House |
| 4:26 | Queue | Villager (Male) |
| 4:58 | Queue | Villager (Male) |
| 5:06 | Queue | Villager (Male) |
| 5:19 | Queue | Villager (Male) |
| 5:19 | Queue | Villager (Male) |
| 6:00 | Queue | Villager (Male) |
| 6:01 | Queue | Villager (Male) |
| 6:14 | Build | Dock |
| 6:21 | Queue | Villager (Male) |
| 6:21 | Queue | Villager (Male) |
| 6:21 | Queue | Villager (Male) |
| 6:43 | Build | Palisade Wall |
| 6:46 | Build | Palisade Wall |
| 7:03 | Queue | Fishing Ship |
| 7:37 | Queue | Fishing Ship |
| 7:46 | Build | House |
| 8:13 | Build | House |
| 8:22 | Build | Palisade Wall |
| 8:32 | Research | Feudal Age |
| 8:33 | Research | Feudal Age |
| 9:03 | Build | Palisade Wall |
| 9:11 | Build | Lumber Camp |
| 10:22 | Queue | Fishing Ship |
| 10:29 | Queue | Villager (Male) |
| 10:30 | Build | House |
| 10:34 | Queue | Villager (Male) |
| 10:42 | Age | Feudal Age |
| 10:44 | Build | Watch Tower |
| 10:51 | Research | Double-Bit Axe |
| 10:51 | Research | Double-Bit Axe |
| 10:51 | Research | Double-Bit Axe |
| 10:53 | Queue | Fishing Ship |
| 10:54 | Queue | Villager (Male) |
| 10:57 | Build | Mining Camp |
| 11:02 | Build | Dock |
| 11:04 | Queue | Fishing Ship |
| 11:12 | Build | Stone Wall |
| 11:14 | Build | Stone Wall |
| 11:15 | Queue | Villager (Male) |
| 11:28 | Build | Stone Wall |
| 11:33 | Queue | Villager (Male) |
| 11:49 | Build | Gate |
| 11:51 | Build | Stone Wall |
| 12:01 | Queue | Fishing Ship |
| 12:12 | Build | Stone Wall |
| 12:19 | Queue | Villager (Male) |
| 12:19 | Queue | Villager (Male) |
| 12:22 | Queue | Fishing Ship |
| 12:37 | Queue | Villager (Male) |
| 12:40 | Build | House |
| 12:45 | Build | Fish Trap |
| 12:56 | Queue | Villager (Male) |
| 13:10 | Queue | Villager (Male) |
| 13:23 | Queue | Villager (Male) |
| 13:31 | Queue | Villager (Male) |
| 13:48 | Queue | Villager (Male) |
| 13:59 | Queue | Villager (Male) |
| 14:03 | Build | Fish Trap |
| 14:06 | Build | Fish Trap |
| 14:08 | Queue | Villager (Male) |
| 14:11 | Build | Fish Trap |
| 14:38 | Queue | Villager (Male) |
| 14:42 | Queue | Villager (Male) |
| 14:44 | Research | Tech 906 |
| 14:45 | Research | Tech 906 |
| 14:47 | Build | House |
| 15:12 | Queue | Villager (Male) |
| 15:25 | Build | Mill |
| 15:31 | Build | Watch Tower |
| 15:40 | Queue | Villager (Male) |
| 15:40 | Queue | Villager (Male) |
| 15:58 | Queue | Villager (Male) |
| 15:58 | Queue | Villager (Male) |
| 16:11 | Build | Stone Wall |
| 16:15 | Queue | Fishing Ship |
| 16:28 | Queue | Villager (Male) |
| 16:33 | Queue | Villager (Male) |
| 16:40 | Build | Mining Camp |
| 16:45 | Build | Fish Trap |
| 16:48 | Queue | Villager (Male) |
| 17:04 | Build | Fish Trap |
| 17:07 | Queue | Villager (Male) |
| 17:09 | Build | Market |
| 17:11 | Queue | Fishing Ship |
| 17:20 | Build | Blacksmith |
| 17:51 | Queue | Villager (Male) |
| 17:59 | Build | Fish Trap |
| 18:00 | Queue | Fishing Ship |
| 18:15 | Queue | Fishing Ship |
| 18:21 | Build | Fish Trap |
| 18:25 | Build | Fish Trap |
| 18:32 | Research | Castle Age |
| 18:33 | Research | Castle Age |
| 18:33 | Research | Castle Age |
| 18:39 | Build | Stone Wall |
| 18:57 | Build | Mining Camp |
| 19:02 | Build | Fish Trap |
| 19:17 | Research | Stone Mining |
| 19:17 | Research | Stone Mining |
| 19:17 | Research | Stone Mining |
| 19:21 | Build | House |
| 19:36 | Build | Watch Tower |
| 19:39 | Queue | Fishing Ship |
| 19:42 | Queue | Villager (Male) |
| 19:53 | Build | Fish Trap |
| 20:43 | Build | Stone Wall |
| 20:52 | Build | Stone Wall |
| 20:56 | Build | Stone Wall |
| 21:12 | Age | Castle Age |
| 21:16 | Queue | Villager (Male) |
| 21:26 | Queue | Villager (Male) |
| 21:28 | Build | Town Center |
| 21:30 | Research | Bow Saw |
| 21:31 | Research | Bow Saw |
| 21:37 | Build | Fish Trap |
| 21:38 | Research | Gillnets |
| 21:39 | Research | Gillnets |
| 21:46 | Build | Monastery |
| 22:06 | Queue | Fishing Ship |
| 22:08 | Queue | Villager (Male) |
Match timeline
| 2:16 | Noszombie · wall_segment Palisade Wall x1 |
| 2:17 | Noszombie · wall_segment Palisade Wall x1 |
| 2:18 | Noszombie · wall_segment Palisade Wall x1 |
| 2:20 | Noszombie · wall_segment Palisade Wall x1 |
| 2:22 | Noszombie · wall_segment Palisade Wall x1 |
| 2:38 | Noszombie · wall_segment Palisade Wall x1 |
| 2:59 | Noszombie · wall_segment Palisade Wall x1 |
| 3:10 | Noszombie · wall_segment Palisade Wall x1 |
| 3:11 | Noszombie · wall_segment Palisade Wall x1 |
| 3:12 | Noszombie · wall_segment Palisade Wall x1 |
| 3:34 | Noszombie · wall_segment Palisade Wall x1 |
| 6:02 | Tacacá · wall_segment Palisade Wall x1 |
| 6:14 | Noszombie · first_building Dock |
| 6:43 | Noszombie · wall_segment Palisade Wall x1 |
| 6:46 | Noszombie · wall_segment Palisade Wall x1 |
| 7:09 | Tacacá · first_building Barracks |
| 8:22 | Noszombie · wall_segment Palisade Wall x3 |
| 9:03 | Noszombie · wall_segment Palisade Wall x1 |
| 9:46 | Tacacá · first_building Dock |
| 10:42 | Noszombie · age_up feudal |
| 11:01 | Tacacá · age_up feudal |
| 11:12 | Noszombie · wall_segment Stone Wall x1 |
| 11:14 | Noszombie · wall_segment Stone Wall x1 |
| 11:28 | Noszombie · wall_segment Stone Wall x1 |
| 11:51 | Noszombie · wall_segment Stone Wall x2 |
| 12:12 | Noszombie · wall_segment Stone Wall x1 |
| 16:11 | Noszombie · wall_segment Stone Wall x1 |
| 17:28 | Tacacá · first_building Archery Range |
| 18:31 | Noszombie · first_market_sell 100 stone |
| 18:39 | Noszombie · wall_segment Stone Wall x1 |
| 20:43 | Noszombie · wall_segment Stone Wall x2 |
| 20:52 | Noszombie · wall_segment Stone Wall x1 |
| 20:56 | Noszombie · wall_segment Stone Wall x1 |
| 21:12 | Noszombie · age_up castle |
| 21:46 | Noszombie · first_building Monastery |
| 21:49 | Tacacá · first_market_buy 100 food |
| 21:50 | Tacacá · first_market_sell 100 wood |
| 24:40 | Tacacá · age_up castle |
| 24:43 | Noszombie · first_market_buy 100 stone |
| 24:44 | Tacacá · first_building Siege Workshop |
| 24:45 | Noszombie · first_building Castle |
| 25:15 | Noszombie · first_building Siege Workshop |
| 25:23 | Tacacá · first_building Castle |
| 27:20 | Noszombie · age_up imperial |
| 27:30 | Noszombie · first_building Barracks |
| 28:12 | Noszombie · wall_segment Stone Wall x4 |
| 29:27 | Noszombie · first_building Archery Range |
| 30:01 | Tacacá · age_up imperial |
| 30:41 | Tacacá · wall_segment Stone Wall x6 |
| 30:52 | Tacacá · wall_segment Stone Wall x8 |
| 32:42 | Tacacá · resign |
[ AI ANALYSIS · 1 CREDIT ]
What really happened in this match?
Wolo.gg analyzes every decision: build order, eco, micro, common mistakes by bracket. Personalized analysis on WhatsApp or Discord in 30 seconds.
Civ guide
Khitans
Perfil
Jugador #18917671